 Dungeon Crawl Stone Soup version 0.25.1-9-gc5326a611f (webtiles) character file.

Game seed: 12520955628821253584

37123 protoss039 the Eclecticist (level 13, 0/98 HPs)
             Began as a Deep Elf Earth Elementalist on Aug 27, 2020.
             Was a High Priest of Sif Muna.
             Slain by a slime creature (13 damage)
             ... on level 15 of the Dungeon on Mar 5, 2022.
             The game lasted 01:32:14 (21177 turns).

protoss039 the Eclecticist (DEEE)                  Turns: 21177, Time: 01:32:15

Health: 0/98       AC: 35    Str:  5    XL:     13   Next: 56%
Magic:  3/44       EV: 28    Int: 26    God:    Sif Muna [*****.]
Gold:   988        SH:  0    Dex: 11    Spells: 15/45 levels left

rFire    + . .     SeeInvis .   F - +12 Vampire's Tooth {vamp}
rCold    . . .     Gourm    .   (no shield)
rNeg     + + .     Faith    .   (armour currently unavailable)
rPois    ∞         Spirit   .   K - +4 helmet "Tuguo" {rF+ rN+ Dex-4 Slay+2}
rElec    +         Reflect  .   w - +0 cloak
rCorr    .         Harm     .   (gloves currently unavailable)
MR       +....                  (boots currently unavailable)
Stlth    ++........             f - amulet of the acrobat
HPRegen  0.26/turn              G - ring of magical power
MPRegen  0.29/turn              (no ring)

@: statue-form (expiring), acrobat, slightly contaminated, very slow
A: no striking features
a: End Transformation, Channel Magic, Forget Spell, Divine Exegesis, Renounce
Religion


You were on level 15 of the Dungeon.
You worshipped Sif Muna.
Sif Muna was extremely pleased with you.
You were hungry.
You were a stone statue.
You visited 2 branches of the dungeon, and saw 16 of its levels.
You also visited: Gauntlet.

You collected 1024 gold pieces.
You spent 36 gold pieces at shops.

Inventory:

Hand Weapons
 v - the +0 dagger "Gotylatz" {vamp, +Fly}
   (You found it on level 5 of the Dungeon)

   It inflicts no extra harm, but heals its wielder when it wounds a living foe.
   It lets you fly.
 F - the +12 Vampire's Tooth (weapon) {vamp}
   (You found it on level 11 of the Dungeon)

   It inflicts no extra harm, but heals its wielder when it wounds a living foe.
Missiles
 t - 11 poisoned darts
 A - 156 stones (quivered)
Armour
 s - a +0 pair of boots (melded)
 w - a +0 cloak (worn)
 E - a +1 robe of magic resistance (melded)
 H - a +2 pair of gloves of strength (melded)
 K - the +4 helmet "Tuguo" (worn) {rF+ rN+ Dex-4 Slay+2}
   (You found it in a Gauntlet)

   It affects your dexterity (-4).
   It affects your accuracy and damage with ranged weapons and melee attacks
   (+2).
   It protects you from fire.
   It protects you from negative energy.
Magical Staves
 X - an uncursed staff of earth
Jewellery
 f - an amulet of the acrobat (around neck)
 q - an uncursed ring of protection from magic {unknown}
 G - a ring of magical power (left hand)
 R - an uncursed ring of wizardry {unknown}
 S - a +4 ring of slaying {unknown}
 U - an uncursed ring of resist corrosion {unknown}
 V - the cursed ring of Jozedug {rN+ Str+3 Int-4, unknown}
   (You found it on level 14 of the Dungeon)

   [ring of intelligence]

   It affects your strength (+3).
   It affects your intelligence (-4).
   It protects you from negative energy.
   It has a curse placed upon it.
Wands
 b - a wand of disintegration (17)
 c - a wand of flame (17)
 p - a wand of digging (5)
 y - a wand of random effects (13)
 B - a wand of iceblast (3)
 C - a wand of polymorph (8)
 L - a wand of paralysis (7)
Scrolls
 e - 2 scrolls of amnesia
 g - 3 scrolls of blinking
 h - 6 scrolls of teleportation
 n - a scroll of fear
 o - 3 scrolls of enchant armour
 u - 4 scrolls of remove curse
 z - 2 scrolls of enchant weapon
 O - a scroll of brand weapon
 P - 5 scrolls of magic mapping
 Q - a scroll of silence {unknown}
 T - a scroll of identify
Potions
 a - 6 potions of curing
 i - 5 potions of lignification
 j - a potion of ambrosia {unknown}
 k - a potion of magic {unknown}
 l - 2 potions of degeneration {unknown}
 m - a potion of flight {unknown}
 x - 3 potions of brilliance
 I - 2 potions of stabbing {unknown}
 J - a potion of might {unknown}
 M - 2 potions of resistance {unknown}
Miscellaneous
 D - a phial of floods
 N - a box of beasts
Comestibles
 d - 21 rations


   Skills:
 * Level 6.7 Fighting
 - Level 3.0 Dodging
 - Level 3.0 Stealth
 + Level 16.5 Spellcasting
 + Level 8.0 Conjurations
 - Level 2.0 Summonings
 * Level 5.6 Transmutations
 - Level 2.0 Air Magic
 + Level 13.6 Earth Magic
 * Level 9.3 Invocations


You had 15 spell levels left.
You knew the following spells:

 Your Spells              Type           Power        Failure   Level  Hunger
a - Sandblast             Erth           ######       0%          1    None
b - Passwall              Tmut/Erth      ######..     1%          2    None
c - Stone Arrow           Conj/Erth      ######       1%          3    None
d - Petrify               Tmut/Erth      ######..     1%          4    None
e - Lee's Rapid Deconstr  Erth           #######...   1%          5    None
f - Statue Form           Tmut/Erth      ######...    7%          6    ###....
g - Irradiate             Conj/Tmut      ######....   4%          5    None
i - Summon Lightning Spi  Summ/Air       ####....     11%         4    None

Your spell library contained the following spells:

 Spells                   Type           Power        Failure   Level  Hunger
 Dazzling Flash           Conj/Hex       #####.       1%          3    None
 Corona                   Hex            ###....      2%          1    None
 Ensorcelled Hibernation  Hex/Ice        ###...       3%          2    None
 Confusing Touch          Hex            ###.....     7%          3    None
 Tukima's Dance           Hex            ###.....     7%          3    None
 Hydra Form               Tmut           ######....   34%         6    ###....
 Silence                  Hex/Air        ####......   41%         5    None
 Conjure Ball Lightning   Conj/Air       #####.....   43%         6    ###....
 Dragon Form              Tmut           ######....   89%         7    #####..
 Tornado                  Air            ####......   100%        9    #######


Dungeon Overview and Level Annotations

Branches:
Dungeon (15/15)            Temple (1/1) D:7            Lair (0/6) D:8
    Orc (0/2) D:10         Vaults (0/5) D:14        Gauntlet (visited)
 Depths: D:15

Altars:
Ashenzari
Cheibriados
Dithmenos
Elyvilon
Fedhas
Gozag
Hepliaklqana
Kikubaaqudgha
Makhleb
Nemelex Xobeh
Okawaru
Qazlal
Ru
Sif Muna
Trog
Uskayaw
Vehumet
Wu Jian
Xom
Yredelemnul
Zin
The Shining One
Jiyva

Shops:
D:4 !!   D:10 =

Portals:
Trove: D:10 (give 5 scrolls of fog)

Annotations:
D:13 Azrael
D:14 3 exclusions


Message History

The blast of rock fragments hits the red ugly thing!!
The red ugly thing is almost dead.
The red ugly thing barely misses you.
Unknown command.
Unknown command.
Casting: Lee's Rapid Deconstruction (mildly dangerous; 1% risk of failure)
Confirm with . or Enter, or press ? or * to list all spells.
Aiming: Lee's Rapid Deconstruction (mildly dangerous; 1% risk of failure)
Press: ? - help, Dir - move target cursor A rock wall.
The wall shatters!
The blast of rock fragments hits the red ugly thing!!
You kill the red ugly thing!
Sif Muna accepts your kill.
Your transformation is almost over.
Unknown command.
Unknown command.
The slime creature closely misses you. The slime creature hits you!
You die...

...........##
...........### ....
##...........### ....
##.....†††......#
.....##.##..#†.......##
.....#......#........#
............#.......##
.........J..#..JJ.###
........u(..####8.##
#......<....# #.<..#
###....8....$##...##
#..#........###.## #..
#..J.....# ### .
..#=.....# ...#.....##
.........## ..........#


You could see a slime creature and a jelly.

Vanquished Creatures
  Frances (D:13)
  2 vault guards (D:14)
  Erica (D:10)
  2 hydras
  2 centaur warriors (D:14)
  A two-headed ogre (D:11)
  An unseen horror (D:15)
  4 lindwurms (D:14)
  A wizard (D:14)
  A deep elf archer (D:14)
  A necromancer (D:14)
  Pikel (D:9)
  3 manticores (D:13)
  12 ugly things
  Joseph (D:9)
  A smoke demon (Gauntlet)
  A gargoyle (D:10)
  A kobold demonologist (D:13)
  Maggie (D:9)
  3 ice devils
  An efreet (D:13)
  A red devil (Gauntlet)
  3 trolls
  A hornet (D:7)
  A hippogriff (D:15)
  2 tyrant leeches (D:11)
  Prince Ribbit (D:9)
  8 slime creatures
  11 flying skulls (Gauntlet)
  A shadow (D:13)
  3 vampires
  6 yaks (D:10)
  A tarantella (shapeshifter) (D:14)
  4 wyverns
  19 humans (D:14)
  2 fire elementals (D:13)
  3 hungry ghosts
  4 vampire mosquitoes (D:11)
  3 acid dragons
  A hell hound (D:13)
  5 sky beasts
  5 ice beasts
  6 ogres
  3 phantoms
  2 orc warriors
  A hornet zombie (D:15)
  A slave (D:9)
  A black bear (D:5)
  A necrophage (D:8)
  10 centaurs
  2 crocodiles (D:9)
  2 bullfrogs (D:12)
  A water moccasin zombie (D:11)
  A water moccasin skeleton (D:12)
  3 scorpions
  4 killer bees (D:10)
  8 wights
  5 howler monkeys
  11 crimson imps
  3 centaur zombies
  A bullfrog zombie (D:12)
  A gnoll shaman (D:7)
  3 hounds
  5 orc priests
  6 jellies
  9 orc wizards
  A bullfrog skeleton (D:11)
  Ijyb (D:5)
  2 iguanas
  11 worker ants
  A hound skeleton (D:8)
  A howler monkey zombie (D:5)
  A worker ant zombie (D:6)
  Robin (D:4)
  14 adders
  3 gnolls (D:7)
  2 river rats (D:3)
  3 shadow imps
  3 white imps (Gauntlet)
  5 oozes (D:8)
  An adder zombie (D:9)
  4 worms
  6 leopard geckos
  47 orcs
  3 ball pythons
  5 giant cockroaches
  17 goblins
  10 hobgoblins
  3 jackals (D:1)
  7 quokkas
  8 bats
  4 frilled lizards
  A giant cockroach zombie (D:6)
  A jackal skeleton (D:4)
  A jackal zombie (D:9)
  5 kobolds
  3 rats (D:3)
  A butterfly (D:7)
393 creatures vanquished.

Vanquished Creatures (collateral kills)
  A human (D:14)
1 creature vanquished.

Vanquished Creatures (others)
  A centaur zombie (D:13)
  A howler monkey (D:13)
  A hound (D:9)
  A fungus (Gauntlet)
  3 plants (Gauntlet)
7 creatures vanquished.

Grand Total: 401 creatures vanquished

Notes
Turn   | Place    | Note
-------+----------+-------------------------------------------
     0 | D:1      | protoss039 the Deep Elf Earth Elementalist began the quest
                  | for the Orb.
     0 | D:1      | Reached XP level 1. HP: 10/10 MP: 6/6
   151 | D:1      | Reached XP level 2. HP: 9/15 MP: 0/8
  1340 | D:2      | Reached XP level 3. HP: 14/19 MP: 7/9
  1455 | D:2      | Found a blossoming altar of Fedhas.
  1681 | D:2      | Found an ornate altar of the Wu Jian Council.
  1762 | D:2      | Found a sparkling altar of Nemelex Xobeh.
  1762 | D:2      | Found a glowing golden altar of the Shining One.
  2081 | D:3      | Learned a level 2 spell: Passwall
  2085 | D:3      | Learned a level 3 spell: Stone Arrow
  2103 | D:3      | Reached skill level 4 in Spellcasting
  2183 | D:3      | Reached XP level 4. HP: 24/24 MP: 10/12
  2515 | D:3      | Reached skill level 5 in Spellcasting
  2515 | D:3      | Reached XP level 5. HP: 15/28 MP: 9/14
  2643 | D:3      | Found a glowing drain.
  2678 | D:3      | Reached skill level 5 in Earth Magic
  3161 | D:4      | Found Qikha's Distillery.
  3174 | D:4      | Bought a potion of curing for 36 gold pieces
  3338 | D:4      | Reached skill level 6 in Spellcasting
  3338 | D:4      | Reached XP level 6. HP: 17/32 MP: 9/17
  3572 | D:4      | Found a stormy altar of Qazlal.
  3612 | D:4      | Found a bloodstained altar of Trog.
  3642 | D:4      | Found Hoqixick's Distillery.
  4012 | D:4      | You fall into a shaft and drop 1 floor!
  4012 | D:5      | Entered Level 5 of the Dungeon
  4083 | D:5      | Noticed Ijyb
  4631 | D:4      | Noticed Robin
  4642 | D:4      | Killed Robin
  4902 | D:4      | Found an iron altar of Okawaru.
  5180 | D:4      | Reached XP level 7. HP: 32/36 MP: 19/19
  5445 | D:5      | Reached skill level 7 in Spellcasting
  5445 | D:5      | Reached skill level 1 in Conjurations
  6161 | D:5      | Killed Ijyb
  6476 | D:5      | Reached skill level 8 in Spellcasting
  6784 | D:5      | Reached XP level 8. HP: 41/41 MP: 18/22
  7169 | D:5      | Learned a level 4 spell: Petrify
  7175 | D:5      | Learned a level 5 spell: Lee's Rapid Deconstruction
  7587 | D:6      | Found a hazy altar of Hepliaklqana.
  7588 | D:6      | Found a shimmering altar of Xom.
  7589 | D:6      | Noticed a spectral ugly thing
  8080 | D:7      | Reached skill level 9 in Spellcasting
  8484 | D:7      | Found a staircase to the Ecumenical Temple.
  8513 | D:7      | Found a bloodstained altar of Trog.
  8540 | Temple   | Entered the Ecumenical Temple
  8559 | Temple   | Became a worshipper of Sif Muna the Loreminder
  8732 | D:7      | Noticed a hornet
  8749 | D:7      | Paralysed by a hornet for 2 turns
  8751 | D:7      | Killed a hornet
  8751 | D:7      | Reached skill level 5 in Conjurations
  8751 | D:7      | Reached skill level 1 in Invocations
  8906 | D:7      | Reached skill level 1 in Fighting
  9047 | D:7      | Reached XP level 9. HP: 44/47 MP: 14/24
  9259 | D:8      | Found a basalt altar of Yredelemnul.
  9791 | D:8      | Found a staircase to the Lair.
  9817 | D:8      | Reached skill level 10 in Spellcasting
  9817 | D:8      | Reached * piety under Sif Muna
  9953 | D:8      | Found a burning altar of Makhleb.
 10333 | D:9      | Noticed Maggie
 10340 | D:9      | Killed Maggie
 10569 | D:9      | Noticed Pikel
 10575 | D:9      | Killed Pikel
 10575 | D:9      | Reached XP level 10. HP: 55/55 MP: 23/26
 10674 | D:9      | Reached skill level 11 in Spellcasting
 10691 | D:9      | Noticed Joseph
 10705 | D:9      | Killed Joseph
 10994 | D:9      | Noticed Prince Ribbit
 10997 | D:9      | Killed Prince Ribbit
 11170 | D:10     | Entered Level 10 of the Dungeon
 11209 | D:10     | Reached skill level 10 in Earth Magic
 11220 | D:10     | Noticed a gargoyle
 11223 | D:10     | Killed a gargoyle
 11381 | D:10     | Found a staircase to the Orcish Mines.
 11436 | D:10     | Found Mupem's Jewellery Boutique.
 11455 | D:10     | Noticed Erica
 11483 | D:10     | Reached skill level 5 in Invocations
 12028 | D:10     | Found a portal to a secret trove of treasure.
 12063 | D:10     | Reached skill level 12 in Spellcasting
 12064 | D:10     | Reached ** piety under Sif Muna
 12105 | D:10     | Killed Erica
 12375 | D:11     | Noticed a red ugly thing
 12398 | D:11     | Noticed a two-headed ogre
 12842 | D:11     | Noticed a six-headed hydra
 12860 | D:11     | Reached XP level 11. HP: 61/61 MP: 25/29
 13475 | D:11     | Killed a six-headed hydra
 13655 | D:11     | Killed a two-headed ogre
 13655 | D:11     | Reached skill level 13 in Spellcasting
 13815 | D:11     | Found the +12 Vampire's Tooth {vamp}
 14011 | D:12     | Noticed an eight-headed hydra
 14301 | D:12     | Reached skill level 5 in Fighting
 14414 | D:12     | Reached *** piety under Sif Muna
 14499 | D:12     | Found a frozen archway.
 14784 | D:12     | Noticed a red ugly thing
 15079 | D:12     | Killed an eight-headed hydra
 15083 | D:12     | Killed a red ugly thing
 15160 | D:12     | Reached skill level 14 in Spellcasting
 15369 | D:12     | Learned a level 5 spell: Irradiate
 15376 | D:12     | Learned a level 6 spell: Statue Form
 15618 | D:5      | Got an ancient dagger
 15619 | D:5      | Identified the cursed +0 dagger "Gotylatz" {vamp, +Fly}
                  | (You found it on level 5 of the Dungeon)
 15815 | D:13     | Noticed Frances
 15827 | D:13     | Killed Frances
 15827 | D:13     | Reached XP level 12. HP: 64/68 MP: 2/32
 16076 | D:13     | Found a gate leading to a gauntlet.
 16086 | Gauntlet | Entered a Gauntlet
 16086 | Gauntlet | Found a transporter.
 16086 | Gauntlet | Found a transporter.
 16086 | Gauntlet | Found a runed translucent door.
 16086 | Gauntlet | Noticed a death ooze
 16095 | Gauntlet | Noticed a tengu warrior
 16130 | Gauntlet | Found a transporter.
 16131 | Gauntlet | Found a runed translucent door.
 16142 | Gauntlet | Found a transporter.
 16160 | Gauntlet | Found a transporter.
 16160 | Gauntlet | Found a transporter.
 16162 | Gauntlet | Found a transporter.
 16162 | Gauntlet | Found a transporter.
 16164 | Gauntlet | Noticed a death ooze
 16173 | Gauntlet | Found a transporter.
 16188 | Gauntlet | Noticed a cacodemon
 16189 | Gauntlet | Found a transporter.
 16199 | Gauntlet | Found a transporter.
 16204 | Gauntlet | Found a transporter.
 16238 | Gauntlet | Found a transporter.
 16238 | Gauntlet | Found a transporter.
 16245 | Gauntlet | Found a runed translucent door.
 16566 | Gauntlet | Got a shimmering helmet
 16577 | Gauntlet | Identified the +4 helmet "Tuguo" {rF+ rN+ Dex-4 Slay+2}
                  | (You found it in a Gauntlet)
 16641 | Gauntlet | Learned a level 4 spell: Summon Lightning Spire
 16664 | Gauntlet | Identified the ring of Heoppuef {rCorr MP+9 Int+3 Dex+3}
 16664 | Gauntlet | Noticed a minotaur
 16686 | Gauntlet | Found the +2 robe of Vines {NoPotionHeal Regen+7}
 16687 | Gauntlet | Got a crude hat
 17025 | D:13     | Reached skill level 15 in Spellcasting
 17033 | D:13     | Reached **** piety under Sif Muna
 17223 | D:13     | Noticed Azrael
 18104 | D:14     | Identified the cursed +0 hat "Etaz" {Dex+4} (You found it
                  | in a Gauntlet)
 18131 | D:14     | Noticed a centaur warrior
 18136 | D:14     | Noticed a centaur warrior
 18138 | D:14     | Killed a centaur warrior
 18146 | D:14     | Killed a centaur warrior
 18146 | D:14     | Reached skill level 1 in Summonings
 18146 | D:14     | Reached skill level 1 in Air Magic
 18654 | D:13     | Upgraded the game from 0.25.1-2-g60ff931df9 to
                  | 0.25.1-9-gc5326a611f
 19577 | D:14     | Reached XP level 13. HP: 74/74 MP: 17/34
 20222 | D:14     | Reached skill level 5 in Transmutations
 20376 | D:14     | Reached skill level 16 in Spellcasting
 20536 | D:14     | Found a gate to the Vaults.
 20677 | D:14     | Reached ***** piety under Sif Muna
 20876 | D:14     | Got a steaming copper ring
 20915 | D:15     | Entered Level 15 of the Dungeon
 21177 | D:15     | Slain by a slime creature

Illustrated notes

Levels and vault maps discovered:
D:1:      dpeg_arrival_rhombus, layout_loops_ring
D:2:      layout_basic, lemuel_round_altar, lemuel_doored_altar,
          grunt_temple_overflow_open, minmay_pentomino_p4
D:3:      layout_basic, portal_sewer_entry_c, minmay_cut_off
D:4:      layout_basic, okawaru_gym_becter, lemuel_coloured_pillars_altar,
          kennysheep_little_box, serial_shops, shop_statue,
          nicolae_shop_statue_plus, first_ration, uniq_robin
D:5:      layout_layer_cave, uniq_ijyb
D:6:      layout_loops_ring, regret_index_temple_of_mockery,
          corexii_item_surrounded_by_moat, minmay_misc_feat_five
D:7:      layout_rooms, minmay_temple_entry_butterflies, basic_altar
D:8:      layout_cave_pools, marbit_many_paths, makhleb_blood_cavern_becter,
          lair_entry_dummy, hangedman_little_slice_of_home, minivault_23,
          nicolae_wwwww
D:9:      layout_roguey, uniq_prince_ribbit1, uniq_pikel, uniq_maggie,
          uniq_joseph
D:10:     layout_rooms, orc_0_dummy, enter_trove_0, serial_shops, shop,
          uniq_erica
D:11:     layout_cave_pools, minmay_guarded_unrand_vampires_tooth
D:12:     layout_rooms, portal_ice_cave_demonic_guard
D:13:     layout_irregular_city, serial_column_ruins,
          column_ruins_square_medium, column_ruins_open_small,
          column_ruins_grid_1, column_ruins_columns_straight,
          column_ruins_grid_1, column_ruins_grid_3, column_ruins_grid_2,
          column_ruins_corridor_corner, gauntlet_entry_generic, uniq_azrael,
          uniq_frances
D:14:     layout_gridville, grunt_vaults_entry_tiered, bh_walls_and_bars,
          minmay_lindwurm_lava
D:15:     gammafunk_enter_depths_forms, layout_cave_pools
Temple:   pf_slimified_temple

Skill      XL: |  1  2  3  4  5  6  7  8  9 10 11 12 13 |
---------------+----------------------------------------+-----
Stealth        | 3 |  3.0
Earth Magic    | 4 5 6 7 8 9 10 12 13 | 13.6
Dodging        | 3 |  3.0
Spellcasting   | 4 5 6 8 9 10 12 14 15 16 | 16.5
Conjurations   | 3 5 6 7 8 |  8.0
Invocations    | 1 3 5 7 8 9 |  9.3
Fighting       | 1 2 4 5 6 |  6.7
Transmutations | 4 5 |  5.6
Summonings     | 1 2 |  2.0
Air Magic      | 1 2 |  2.0

Action                   |  1- 3 |  4- 6 |  7- 9 | 10-12 | 13-15 || total
-------------------------+-------+-------+-------+-------+-------++-------
Melee: Dagger            |    62 |    64 |     3 |     2 |       ||   131
       Unarmed           |     1 |       |       |       |       ||     1
       Quick blade       |       |       |       |     4 |    56 ||    60
       Staff             |       |       |       |       |     5 ||     5
Throw: Dart              |       |     7 |       |       |       ||     7
 Cast: Sandblast         |    37 |    69 |     5 |    86 |     2 ||   199
       Stone Arrow       |     1 |    28 |   147 |   160 |    38 ||   374
       Passwall          |       |     3 |     2 |     2 |       ||     7
       Lee's Rapid Decon |       |       |     5 |   123 |    30 ||   158
       Petrify           |       |       |       |     8 |     4 ||    12
       Statue Form       |       |       |       |     9 |     4 ||    13
       Irradiate         |       |       |       |       |     9 ||     9
       Summon Lightning  |       |       |       |       |     2 ||     2
Invok: Channel Magic     |       |       |       |     1 |       ||     1
 Abil: End Transformatio |       |       |       |     7 |     3 ||    10
       Evoke Flight      |       |       |       |       |     2 ||     2
       Stop Flying       |       |       |       |       |     1 ||     1
  Use: Scroll            |       |     6 |     7 |    13 |       ||    26
       Potion            |       |     1 |       |     4 |       ||     5
 Stab: Sleeping          |     7 |     3 |       |       |       ||    10
  Eat: Chunk             |     4 |     9 |    11 |    18 |     4 ||    46
       Ration            |       |       |     2 |     6 |       ||     8
Armor: Robe              |    18 |    29 |     4 |    28 |    15 ||    94
       Skin              |       |       |       |    50 |    32 ||    82
Dodge: Dodged            |    45 |    47 |    26 |   137 |    50 ||   305
